 Dungeon Crawl Stone Soup version 0.31-a0-844-gdc52ec4e09 (webtiles) character file.

Game seed: 5365339271335561763

45 arglypuff the Magician (level 3, -1/27 HPs)
             Began as an Armataur Hedge Wizard on Sept 30, 2023.
             Slain by a worm (10 damage)
             ... on level 2 of the Dungeon.
             The game lasted 00:05:05 (1455 turns).

arglypuff the Magician (Armataur Hedge Wizard)      Turns: 1455, Time: 00:05:05

Health: -1/27      AC:  4    Str: 15    XL:     3   Next: 42%
Magic:  1/7        EV:  9    Int: 16    God:
Gold:   49         SH:  0    Dex:  9    Spells: 4/8 levels left

rFire   . . .        a - +0 dagger
rCold   . . .        (no shield)
rNeg    . . .        b - +0 robe
rPois   .            c - +0 hat
rElec   .            (no cloak)
rCorr   .            (no gloves)
SInv    .            (no barding)
Will    .....        (no amulet)
Stlth   ++           (no ring)
HPRegen 0.24/turn    (no ring)
MPRegen 0.10/turn

%: roll
@: no status effects
A: large, rugged brown scales 3, deformed body, armoured tail, roll, long
tongue, awkward tongue
a: no special abilities


You were on level 2 of the Dungeon.
You visited 1 branch of the dungeon, and saw 2 of its levels.

You collected 49 gold pieces.

Inventory:

Hand Weapons
 a - a +0 dagger (weapon)
Armour
 b - a +0 robe (worn)
 c - a +0 hat (worn)
Jewellery
 m - a ring of poison resistance
Scrolls
 e - 2 scrolls of identify {unknown}
 f - a scroll of acquirement {unknown}
 g - 2 scrolls of enchant weapon {unknown}
 j - a scroll of teleportation {unknown}
 k - a scroll of summoning {unknown}
Potions
 d - a potion of magic
 h - a potion of curing {unknown}
 i - a potion of enlightenment {unknown}
 l - a potion of cancellation {unknown}
 n - a potion of brilliance {unknown}


   Skills:
 + Level 1.1 Short Blades
 + Level 1.6 Dodging
 + Level 2.4 Stealth
 + Level 3.4 Spellcasting
 + Level 1.0 Conjurations
 + Level 0.7 Summonings
 + Level 1.0 Translocations


You had 4 spell levels left.
You knew the following spells:

 Your Spells              Type           Power      Damage    Failure   Level
a - Magic Dart            Conj           24%        1d4       12%         1
b - Mephitic Cloud        Conj/Pois/Air  3%         N/A       43%         3

Your spell library contained the following spells:

 Spells                   Type           Power      Damage    Failure   Level
 Slow                     Hex            8%         N/A       19%         1
 Blink                    Tloc           10%        N/A       19%         2
 Call Imp                 Summ           10%        N/A       21%         2
 Cigotuvi's Dreadful Rot  Necr/Pois/Air  4%         N/A       26%         2


Dungeon Overview and Level Annotations

Branches:
Dungeon (2/15)

Altars:


Innate Abilities, Weirdness & Mutations

You are completely covered in rugged brown scales. (AC +3, +7% HP)
Armour fits poorly on your strangely shaped body.
You have a long armoured tail.
You roll when moving toward enemies. (Rampage)
Your long tongue fully drains potion bottles. (2x potion effects)
Your tongue gives you trouble enunciating. (1.5x scroll delay)


Message History

Aiming: Mephitic Cloud (extremely dangerous; 43% risk of failure)
Press: ? - help, Shift-Dir - straight line, f - worm, p - worm
Aim: a worm (chance to affect: 81%)
The ball explodes into a vile cloud!
The stinking cloud engulfs the worm but does no damage.
You hear a bark!
Okay, then.
Unknown command.
Unknown command.
The worm is engulfed in noxious fumes.
The worm appears confused.
You roll towards the worm!
The worm is engulfed in noxious fumes.
The worm appears confused.
You roll towards the worm!
You hit the worm but do no damage. The worm bites you but does no damage.
You hit the worm.
The worm is lightly wounded.
You hit the worm.
Your tail-slap misses the worm.
The worm is lightly wounded.
The worm bites the worm.
You hit the worm. You tail-slap the worm.
The worm is heavily wounded.
You hit the worm.
The worm is severely wounded.
The worm bites the worm!
The worm bites itself!
The worm is killed!
Your Short Blades skill increases to level 1!
You roll towards the worm!
You barely miss the worm.
The worm is almost dead.
You hit the worm.
Your tail-slap misses the worm.
The worm is almost dead.
The worm bites you!
You hit the worm but do no damage.
The worm is almost dead.
The worm bites you.
You hit the worm but do no damage.
The worm is almost dead.
You hit the worm but do no damage.
The worm is almost dead.
The worm bites you!
You die...

#..#.# ##.###.##
#....##.# ##.#.#.##
#+# ##...# #.#
####.### #.#
#......# ##.##
#.##.#.# ##...####
#
#@#.####)......###
#w......#.........
#.....#.##.#...##
##..#........#.#
#..###.##.#...#
#.###..###.##.#####
#..........##.#
#############.# #.#


You could see a worm.

Vanquished Creatures
  A worm (D:2)
  4 bats
  4 endoplasms
  4 giant cockroaches (D:1)
  3 goblins (D:1)
  5 hobgoblins
  2 kobolds
  2 quokkas
  A ball python (D:1)
  11 frilled lizards (D:1)
  3 rats (D:1)
40 creatures vanquished.

Notes
Turn   | Place    | Note
-------+----------+-------------------------------------------
     0 | D:1      | arglypuff the Armataur Hedge Wizard began the quest for the
                  | Orb.
     0 | D:1      | Reached XP level 1. HP: 14/14 MP: 4/4
    52 | D:1      | Reached skill level 3 in Spellcasting
   116 | D:1      | Found a faded altar of an unknown god.
   219 | D:1      | Reached XP level 2. HP: 21/21 MP: 6/6
   608 | D:1      | Reached XP level 3. HP: 18/27 MP: 7/7
  1296 | D:2      | Learned a level 3 spell: Mephitic Cloud
  1335 | D:2      | Reached skill level 1 in Conjurations
  1451 | D:2      | Reached skill level 1 in Short Blades
  1455 | D:2      | Slain by a worm

Illustrated notes

Levels and vault maps discovered:
D:1:      roderic_crop_circles_arrival_small, layout_loops_ring,
          shapermc_ecumenical_altar_totnotflames, chequers_decorated_corner,
          minmay_lizard_pond
D:2:      layout_loops_corners, nicolae_wormholes

Skill      XL: |  1  2  3 |
---------------+----------+-----
Spellcasting   | 3 |  3.4
Conjurations   | 1 |  1.0
Short Blades   | 1 |  1.1
Dodging        | |  1.6
Stealth        | |  2.4
Summonings     | |  0.7
Translocations | |  1.0

Action                     || total
---------------------------++-------
  Melee: Dagger            ||   184
         Tailslap          ||    18
         Punch             ||     1
   Cast: Magic Dart        ||    32
         Mephitic Cloud    ||     2
   Stab: Sleeping          ||     3
 Armour: Robe              ||   100
  Dodge: Dodged            ||    72

Table legend: (Time is in decaauts)
 A = Elapsed time spent in this place.
 B = Non-inter-level travel time spent in this place.
 C = Inter-level travel time spent in this place.
 D = Time resting spent in this place.
 E = Time spent auto-exploring this place.
 F = Levels seen in this place.
 G = Mean time per level.
                   A        B        C        D        E       F      G
               +--------+--------+--------+--------+--------+-----+--------+
         Total |   1450 |   1425 |     25 |      0 |   1034 |   2 |  725.0 |
       Dungeon |   1450 |   1425 |     25 |      0 |   1034 |   2 |  725.0 |
               +--------+--------+--------+--------+--------+-----+--------+

Top non-repeatable levels by time:
     D:1: 1087 daAuts
     D:2: 363 daAuts
